 Dungeon Crawl Stone Soup version 0.29.1-1-gd02db6906a (webtiles) character file.

Game seed: 10684563197617620969

1644 jimonade the Slicer (level 9, -8/50 HPs)
             Began as a Kobold Brigand on Sept 20, 2022.
             Mangled by Joseph
             ... wielding a +0 quarterstaff
              (16 damage)
             ... on level 7 of the Dungeon.
             The game lasted 00:17:58 (6723 turns).

jimonade the Slicer (Kobold Brigand)                Turns: 6723, Time: 00:17:58

Health: -8/50      AC:  6    Str: 14    XL:     9   Next: 19%
Magic:  13/13      EV: 16    Int: 13    God:
Gold:   405        SH:  0    Dex: 20    Spells: 12/14 levels left

rFire   . . .      SeeInvis +   a - +1 dagger (venom)
rCold   + . .      Faith    .   (no shield)
rNeg    . . .      Spirit   .   n - +2 robe {rC+}
rPois   .          Reflect  .   (no helmet)
rElec   .          Harm     .   m - scarf {repulsion}
rCorr   .          Rampage  .   A - +0 pair of gloves
Will    .....                   h - +0 pair of boots
Stlth   ++++++....              (no amulet)
HPRegen 0.16/turn               g - ring of see invisible
MPRegen 0.13/turn               E - +6 ring of strength

@: repel missiles
A: small, no large weapons, nightstalker 3
a: no special abilities


You were on level 7 of the Dungeon.
You visited 2 branches of the dungeon, and saw 8 of its levels.

You collected 405 gold pieces.

Inventory:

Hand Weapons
 a - a +1 dagger of venom (weapon)
 b - a +2 dagger
 x - a +0 trident
 B - the +11 hammer of Evil {flame, rPois rF+ rCorr}
   (You found it on level 3 of the Dungeon)

   It burns those it strikes, dealing additional fire damage.
   rF:        It protects you from fire.
   rPois:     It protects you from poison.
   rCorr:     It protects you from acid and corrosion.
 F - a +1 short sword of venom
 J - a +0 shortbow
Missiles
 d - 17 poisoned darts (quivered)
 e - 3 curare-tipped darts
 u - 7 javelins
Armour
 c - a +0 cloak
 h - a +0 pair of boots (worn)
 l - a +0 chain mail
 m - a scarf of repulsion (worn)
 n - a +2 robe of cold resistance (worn)
 o - a +0 leather armour
 t - a +0 ring mail
 y - a +0 robe
 A - a +0 pair of gloves (worn)
 M - the +1 ring mail "Raadghant" {rElec}
   (You found it on level 7 of the Dungeon)

   rElec:     It insulates you from electricity.
Magical Staves
 k - a staff of earth
Jewellery
 g - a ring of see invisible (left hand)
 s - a ring of magical power
 E - a +6 ring of strength (right hand)
 G - a ring of protection from fire
 I - a ring of magical power
Wands
 C - a wand of mindburst (29)
 D - a wand of flame (43)
 K - a wand of iceblast (7)
Scrolls
 v - 3 scrolls of identify
 H - a scroll of silence {unknown}
 L - a scroll of butterflies {unknown}
Potions
 f - 3 potions of mutation
 i - 2 potions of heal wounds {unknown}
 j - 2 potions of degeneration {unknown}
 p - a potion of haste
 q - 5 potions of curing
 r - 2 potions of magic {unknown}
 w - a potion of lignification {unknown}
 z - 2 potions of ambrosia {unknown}


   Skills:
 + Level 3.1 Fighting
 - Level 10.0 Short Blades
 - Level 2.1 Throwing
 + Level 3.1 Dodging
 + Level 9.8 Stealth
 * Level 3.2 Spellcasting
 * Level 3.1 Translocations


You had 12 spell levels left.
You knew the following spells:

 Your Spells              Type           Power      Damage    Failure   Level
a - Blink                 Tloc           20%        N/A       10%         2

Your spell library contained the following spells:

 Spells                   Type           Power      Damage    Failure   Level
 Lesser Beckoning         Tloc           10%        N/A       19%         3
 Portal Projectile        Hex/Tloc       12%        N/A       34%         3
 Tukima's Dance           Hex            2%         N/A       56%         3
 Manifold Assault         Tloc           10%        N/A       86%         5
 Animate Armour           Summ/Erth      4%         N/A       92%         4
 Olgreb's Toxic Radiance  Pois           2%         N/A       92%         4
 Blade Hands              Tmut           1%         N/A       99%         5
 Iron Shot                Conj/Erth      1%         9d1       100%        6
 Ozocubu's Refrigeration  Ice            1%         4d7       100%        7
 Ignition                 Fire           1%         3d3       100%        8


Dungeon Overview and Level Annotations

Branches:
Dungeon (7/15)             Temple (1/1) D:6

Altars:
Ashenzari
Dithmenos
Elyvilon
Fedhas
Gozag
Hepliaklqana
Kikubaaqudgha
Makhleb
Nemelex Xobeh
Okawaru
Qazlal
Ru
Sif Muna
Trog
Vehumet
Wu Jian
Yredelemnul
The Shining One

Shops:
D:1 (

Annotations:
D:2 exclusion: goblin, Sigmund
D:3 1 runed translucent door, Crazy Yiuf
D:4 exclusion: 4 gnolls
D:6 exclusions: 4 gnolls and 2 wights
D:7 Joseph


Innate Abilities, Weirdness & Mutations

You are small and have problems with some larger weapons.
You are completely attuned to the shadows.


Message History

You hit Joseph.
Joseph is lightly wounded.
Joseph hits you with a +0 quarterstaff!
You hit Joseph.
Joseph looks as sick as possible!
Joseph is lightly wounded.
Joseph hits you with a +0 quarterstaff!
You closely miss Joseph.
Joseph is lightly wounded.
You hit Joseph but do no damage. You punch Joseph.
Joseph is lightly wounded.
Joseph hits you with a +0 quarterstaff.
You hit Joseph but do no damage.
Joseph looks as sick as possible!
Joseph is lightly wounded.
Joseph closely misses you.
You hit Joseph.
Joseph looks as sick as possible!
Joseph is moderately wounded.
Joseph hits you with a +0 quarterstaff.
You closely miss Joseph.
Joseph is moderately wounded.
You hit Joseph.
Joseph looks as sick as possible!
Joseph is moderately wounded.
Joseph hits you with a +0 quarterstaff.
* * * LOW HITPOINT WARNING * * *
You hit Joseph.
Joseph looks as sick as possible!
Joseph is heavily wounded.
Joseph misses you.
You barely miss Joseph. You punch Joseph.
Joseph is heavily wounded.
Joseph hits you with a +0 quarterstaff.
* * * LOW HITPOINT WARNING * * *
You barely miss Joseph.
Joseph is heavily wounded.
Joseph closely misses you.
You hit Joseph.
Joseph is severely wounded.
You closely miss Joseph.
Joseph is severely wounded.
Joseph says, "You must be punished!
Or...
I want to punish you!" Joseph hits you with a +0 quarterstaff!
You die...

#.# #........ ##.## #........
##...#### ####.###.### #.......+
+....#.....#
####...####.........####.###.###
#......# #.......# #........
#.###..# #.....# #........ #.#
#..# #@..# #.###.#.# #.###..#
#@# #.#...#.# #.#.<..# #.#
#.###.### #.#.#..# #.# #........
#.#.##.# ##.## ####....#
#.#.##.#######...## #...##
#<.........##.....# ##.##
##...#####.###...## #.#
#......##.####.############.#
#...##........#.......†.....#


You could see Joseph (fast, extremely poisoned).

Vanquished Creatures
  2 ice beasts
  2 sky beasts
  A water moccasin (D:6)
  An ogre (D:7)
  2 centaurs (D:7)
  2 phantoms
  A necrophage (D:5)
  2 bullfrogs (D:6)
  A scorpion (D:3)
  A gnoll sergeant (D:6)
  2 howler monkeys (D:7)
  A jelly (D:5)
  A hound (D:6)
  Jessica (D:3)
  3 iguanas
  Natasha (twice) (D:4)
  2 orc wizards
  5 adders
  A white imp (D:7)
  An ufetubus (D:5)
  3 worms
  2 dart slugs
  8 orcs
  4 endoplasms
  4 giant cockroaches
  10 goblins
  4 hobgoblins
  A jackal (D:2)
  3 kobolds
  A quokka (D:5)
  6 ball pythons
  8 bats
  2 frilled lizards (D:3)
  6 rats
96 creatures vanquished.

Notes
Turn   | Place    | Note
-------+----------+-------------------------------------------
     0 | D:1      | jimonade the Kobold Brigand began the quest for the Orb.
     0 | D:1      | Reached XP level 1. HP: 12/12 MP: 1/1
   158 | D:1      | Reached skill level 3 in Short Blades
   259 | D:1      | Found Ippud's Weapon Shoppe.
   282 | D:1      | Reached XP level 2. HP: 17/17 MP: 2/2
   573 | D:1      | Reached skill level 4 in Short Blades
  1133 | D:2      | Reached XP level 3. HP: 16/21 MP: 3/3
  1300 | D:2      | Noticed Sigmund
  1471 | D:2      | Reached skill level 5 in Short Blades
  1763 | D:3      | Reached XP level 4. HP: 26/26 MP: 4/4
  1765 | D:3      | Noticed an eye of devastation
  1767 | D:3      | Found a faded altar of an unknown god.
  1767 | D:3      | Noticed a shining eye
  1770 | D:3      | Noticed a floating eye
  1770 | D:3      | Noticed a golden eye
  1789 | D:3      | Noticed a scorpion
  1791 | D:3      | Killed a scorpion
  1792 | D:3      | Reached skill level 6 in Short Blades
  1792 | D:3      | Reached XP level 5. HP: 30/30 MP: 5/5
  1872 | D:3      | Found a sacrificial altar of Ru.
  1894 | D:3      | Reached skill level 7 in Short Blades
  1894 | D:3      | Noticed Jessica
  1901 | D:3      | Killed Jessica
  2392 | D:3      | Reached XP level 6. HP: 35/35 MP: 6/6
  2501 | D:3      | Found a runed translucent door.
  2503 | D:3      | Identified the +9 hammer of a wizard's laboratory {drain,
                  | Str-5 Int+6}
  2507 | D:3      | Identified the +8 hammer "Saufirph" {drain, rC- rN++ Dex+4
                  | Stlth+}
  2512 | D:3      | Identified the +11 hammer of Evil {flame, rPois rF+ rCorr}
  2512 | D:3      | Noticed Crazy Yiuf
  2516 | D:3      | Identified the +3 hammer of Qoatoud {venom, rN++ Int+5
                  | Dex+3}
  2773 | D:4      | Reached skill level 8 in Short Blades
  2838 | D:4      | Noticed Natasha
  2841 | D:4      | Killed Natasha
  2953 | D:4      | Noticed Natasha
  2992 | D:4      | Killed Natasha
  3082 | D:4      | Reached skill level 9 in Short Blades
  3200 | D:4      | Found a shadowy altar of Dithmenos.
  3344 | D:4      | Reached XP level 7. HP: 40/40 MP: 7/7
  3606 | D:5      | Entered Level 5 of the Dungeon
  3774 | D:5      | Reached skill level 10 in Short Blades
  4099 | D:5      | Reached skill level 1 in Spellcasting
  4108 | D:5      | Found a glowing golden altar of the Shining One.
  4426 | D:5      | Reached skill level 1 in Translocations
  4902 | D:6      | Noticed a water moccasin
  4908 | D:6      | Killed a water moccasin
  4909 | D:6      | Reached XP level 8. HP: 45/45 MP: 8/10
  5417 | D:6      | Found a staircase to the Ecumenical Temple.
  5422 | Temple   | Entered the Ecumenical Temple
  5984 | D:6      | Learned a level 2 spell: Blink
  6085 | D:7      | Found an opulent altar of Gozag.
  6099 | D:7      | Found a basalt altar of Yredelemnul.
  6245 | D:7      | Reached XP level 9. HP: 50/50 MP: 13/13
  6639 | D:7      | Identified the +1 ring mail "Raadghant" {rElec}
  6700 | D:7      | Noticed Joseph
  6723 | D:7      | Mangled by Joseph

Illustrated notes

Levels and vault maps discovered:
D:1:      saegor_arrival_under_anarchy, layout_basic, serial_shops, shop,
          nrook_campfire
D:2:      layout_rooms, minmay_nonomino_d4, uniq_sigmund
D:3:      layout_rooms, nicolae_ru_great_annihilating_truth,
          hellmonk_ecumenical_altar_watching_god, uniq_jessica,
          uniq_crazy_yiuf_cottage
D:4:      cheibrodos_quashed, layout_basic, grunt_dithmenos_smoke, uniq_natasha
D:5:      layout_basic, mainiacjoe_overflow_tiny_flanked, minmay_door_square,
          solitary_fountain, corexii_corridor_pit, minivault_4, st_stairs_10
D:6:      layout_rooms, minmay_temple_entry_trees, minmay_small_thing
D:7:      layout_loops_corners, general_overflow_altar, kennysheep_little_box,
          minmay_misc_feat_nine_boxes, uniq_joseph
Temple:   nicolae_temple_figure_eight

Skill      XL: |  1  2  3  4  5  6  7  8  9 |
---------------+----------------------------+-----
Short Blades   | 3 4 5 6 7 9 10 | 10.0
Stealth        | 6 9 |  9.8
Spellcasting   | 1 2 3 |  3.2
Translocations | 1 2 3 |  3.1
Dodging        | 2 3 |  3.1
Fighting       | 3 |  3.1
Throwing       | |  2.1

Action                   |  1- 3 |  4- 6 |  7- 9 || total
-------------------------+-------+-------+-------++-------
Melee: Dagger            |    64 |    86 |   130 ||   280
       Punch             |     1 |       |     4 ||     5
  Use: Scroll            |       |     3 |     1 ||     4
 Stab: Sleeping          |    19 |    17 |    23 ||    59
       Distracted        |     1 |       |     1 ||     2
       Paralysed         |       |     1 |       ||     1
Armor: Robe              |    12 |     9 |     9 ||    30
Dodge: Dodged            |    28 |    33 |    41 ||   102
